[Event "Team 45 45 League T91"]
[Site "Internet Chess Club"]
[Date "2022.01.22"]
[Round "2"]
[White "LookImYourVader"]
[Black "primerpaso"]
[Result "0-1"]
[WhiteElo "1765"]
[BlackElo "1871"]
[Opening "Sicilian: Alapin's variation (2.c3)"]
[ECO "B22"]
[Time "14:30:54"]
[PlyCount "88"]
[TimeControl "2700+45"]

1. e4 c5 2. c3 d5 3. exd5 Qxd5 4. d4 Nf6 5. Nf3 Bg4 6. Be2 e6 7. h3 Bh5 8. Be3
cxd4 9. cxd4 Be7 10. Nc3 Qa5 11. Qb3 Qb4 12. Bb5+ Nfd7 13. Ne5 a6 14. Qxb4 Bxb4
15. Nxd7 Nxd7 16. Ba4 Ke7 17. O-O Rac8 18. Bxd7 Kxd7 19. Rac1 Bxc3 20. Rxc3 Rxc3
21. bxc3 Rc8 22. Rb1 b5 23. Rc1 Rc4 24. Kf1 Ra4 25. Ra1 Bg6 26. Ke2 Kc6 27. Bf4
Kd5 28. Kd2 Ra3 29. Bc7 Kc4 30. Bb6 Rxc3 31. Rc1 b4 32. Ba5 Rxc1 33. Kxc1 Kb5
34. Bc7 Be4 35. g3 Bd5 36. Kb2 a5 37. Be5 f6 38. Bf4 a4 39. h4 Kc4 40. Be3 a3+
41. Ka1 Kc3 42. g4 Kc2 43. g5 Bxa2 44. gxf6 gxf6 {White resigns} 0-1

[Event "Team 45 45 League T91"]
[Site "Internet Chess Club"]
[Date "2022.01.22"]
[Round "2"]
[White "ElValero"]
[Black "CPTsopiens"]
[Result "1-0"]
[WhiteElo "1648"]
[BlackElo "1755"]
[Opening "English: symmetrical, three knights system"]
[ECO "D41"]
[Time "10:01:04"]
[PlyCount "91"]
[TimeControl "2700+45"]

1. Nf3 Nf6 2. c4 c5 3. Nc3 d5 4. cxd5 Nxd5 5. d4 e6 6. e4 Nf6 7. Bb5+ Bd7 8. Qa4
Be7 9. d5 exd5 10. e5 Bxb5 11. Qxb5+ Nfd7 12. Nxd5 b6 13. Bf4 O-O 14. e6 fxe6
15. Nc7 Rxf4 16. Nxa8 Re4+ 17. Kf1 Nf6 18. g3 Qd5 19. Nc7 Qb7 20. Ne8 Nc6 21.
Nxf6+ Bxf6 22. Kg2 a6 23. Qd3 Rb4 24. Kh3 Rxb2 25. Qe3 Qd7 26. Rad1 Nd4 27. Ne5
Qd5 28. Ng4 Qf5 29. Qf4 Qh5+ 30. Kg2 e5 31. Nxf6+ gxf6 32. Qxf6 Qf5 33. Qxf5
Nxf5 34. Rhe1 Rxa2 35. Rxe5 Nd4 36. Re7 a5 37. Rb7 Rb2 38. Re1 Kf8 39. Ree7 a4
40. Rxh7 Kg8 41. Rhc7 Ne6 42. Rc8+ Nf8 43. Rbb8 Kf7 44. Rxf8+ Ke6 45. Rf4 b5 46.
Rxa4 {Black resigns} 1-0

[Event "Team 45 45 League T91"]
[Site "Internet Chess Club"]
[Date "2022.01.21"]
[Round "2"]
[White "Demachaeron"]
[Black "QuieroAprender"]
[Result "1/2-1/2"]
[WhiteElo "1716"]
[BlackElo "1683"]
[Opening "Sicilian defense"]
[ECO "B30"]
[Time "20:01:34"]
[PlyCount "30"]
[TimeControl "2700+45"]

1. e4 c5 2. Nf3 Nc6 3. b3 e5 4. Bb2 d6 5. g3 Bg4 6. Bg2 h6 7. O-O Nf6 8. Re1 Be7
9. d3 Nd4 10. c3 Nxf3+ 11. Bxf3 Bxf3 12. Qxf3 Qd7 13. Nd2 Qg4 14. Rac1 Qxf3 15.
Nxf3 g5 {Game drawn by mutual agreement} 1/2-1/2

[Event "Team 45 45 League T91"]
[Site "Internet Chess Club"]
[Date "2022.01.22"]
[Round "2"]
[White "kabindra"]
[Black "fvafier"]
[Result "1/2-1/2"]
[WhiteElo "1698"]
[BlackElo "1520"]
[Opening "French: advance, Euwe variation"]
[ECO "C02"]
[Time "12:00:33"]
[PlyCount "97"]
[TimeControl "2700+45"]

1. e4 e6 2. d4 d5 3. e5 c5 4. c3 Nc6 5. Nf3 Bd7 6. Bd3 Rc8 7. a3 cxd4 8. cxd4
Qb6 9. O-O Nxd4 10. Nbd2 Nh6 11. Nxd4 Qxd4 12. Nf3 Qb6 13. Be3 Qd8 14. Bxa7 Bc5
15. Bxc5 Rxc5 16. b4 Rc7 17. Qd2 O-O 18. Ng5 Nf5 19. g4 h6 20. gxf5 Qxg5+ 21.
Qxg5 hxg5 22. fxe6 Bxe6 23. f4 gxf4 24. Rxf4 f6 25. exf6 Rxf6 26. Rxf6 gxf6 27.
Kf2 Kf7 28. h4 f5 29. Ke3 Kf6 30. Kd4 Rg7 31. Rh1 Rg4+ 32. Kc3 d4+ 33. Kd2 Rg2+
34. Kc1 Bd5 35. Rh3 f4 36. h5 Rg3 37. Bf1 Rxh3 38. Bxh3 Kg5 39. Kd2 Kxh5 40. Kd3
Kh4 41. Bf5 Kg3 42. Kxd4 Bc6 43. Bd3 f3 44. Kc5 f2 45. b5 Bf3 46. a4 Kg2 47. a5
f1=Q 48. Bxf1+ Kxf1 49. a6 {Game drawn by mutual agreement} 1/2-1/2

[Event "Team 45 45 League T91"]
[Site "Internet Chess Club"]
[Date "2022.01.22"]
[Round "2"]
[White "HomerSimpson"]
[Black "fileman"]
[Result "1/2-1/2"]
[WhiteElo "2001"]
[BlackElo "1820"]
[Opening "Queen's pawn: Lundin (Kevitz-Mikenas) defense"]
[ECO "A40"]
[Time "09:06:32"]
[PlyCount "117"]
[TimeControl "2700+45"]

1. d4 Nc6 2. d5 Ne5 3. f4 Ng6 4. Nf3 d6 5. e4 e5 6. dxe6 fxe6 7. Bc4 c6 8. O-O
d5 9. exd5 exd5 10. Re1+ Be7 11. Bd3 Bg4 12. Bxg6+ hxg6 13. Qd4 Kf8 14. Ne5 Bf5
15. c4 Qd6 16. Nc3 Nf6 17. cxd5 cxd5 18. Be3 a6 19. Rad1 Rd8 20. Rd2 Ne4 21.
Qxd5 Qxd5 22. Rxd5 Nxc3 23. Rxd8+ Bxd8 24. Bc5+ Kg8 25. bxc3 Bf6 26. Re2 g5 27.
fxg5 Bxg5 28. Nf3 Bf6 29. Re8+ Kh7 30. Rxh8+ Kxh8 31. Bd4 Bd8 32. Ne5 Bc7 33.
Kf2 Bxe5 34. Bxe5 Be4 35. g4 Kh7 36. Ke3 Bd5 37. a3 g5 38. Bf6 Kg6 39. Bd8 Be6
40. Kf3 Bd5+ 41. Kg3 Bc6 42. c4 Be4 43. h4 gxh4+ 44. Bxh4 b6 45. a4 Bd3 46. a5
bxa5 47. c5 a4 48. c6 Bb5 49. c7 Bd7 50. Be7 Kf7 51. Ba3 Ke8 52. Kf4 Be6 53. g5
Kd7 54. Ke5 Bb3 55. Bd6 a3 56. Bxa3 Kxc7 57. g6 Kc6 58. g7 Kb5 59. Kd4 {Game
drawn by mutual agreement} 1/2-1/2

[Event "Team 45 45 League T91"]
[Site "Internet Chess Club"]
[Date "2022.01.23"]
[Round "2"]
[White "bobhill"]
[Black "Portola"]
[Result "0-1"]
[WhiteElo "1887"]
[BlackElo "1755"]
[Opening "Queen's bishop game"]
[ECO "D02"]
[Time "17:08:36"]
[PlyCount "80"]
[TimeControl "2700+45"]

1. d4 d5 2. Nf3 Nf6 3. Bf4 Bf5 4. e3 e6 5. Nbd2 h6 6. h3 Nbd7 7. c3 c6 8. Qb3
Qb6 9. Be2 Be7 10. O-O O-O 11. Rfe1 Rfe8 12. Ne5 Nxe5 13. Bxe5 Bg6 14. f3 Nd7
15. Bg3 Bf6 16. Bf2 Qc7 17. e4 Bg5 18. Nf1 dxe4 19. Bg3 Qc8 20. f4 Be7 21. Bd1
Nf6 22. Bc2 Bh7 23. Nd2 Nh5 24. Bh2 f5 25. g4 Nf6 26. gxf5 Bxf5 27. Nxe4 Kh7 28.
Nc5 Bxc5 29. Bxf5+ exf5 30. dxc5 Ne4 31. Qc2 Qe6 32. b4 Qg6+ 33. Kh1 Qh5 34. Re3
Rad8 35. Rae1 Rd2 36. Qc1 Red8 37. Kg1 Qg6+ 38. Bg3 Nxg3 39. Re6 Ne2+ 40. Kh1
Qxe6 {White resigns} 0-1

[Event "Team 45 45 League T91"]
[Site "Internet Chess Club"]
[Date "2022.01.23"]
[Round "2"]
[White "VictorRed"]
[Black "BrianWood"]
[Result "1-0"]
[WhiteElo "1626"]
[BlackElo "1472"]
[Opening "Queen's pawn game, Darooha variation "]
[ECO "D02"]
[Time "22:00:49"]
[PlyCount "38"]
[TimeControl "2700+45"]

1. d4 d5 2. Nf3 Nf6 3. Nc3 c6 4. Bg5 e6 5. e4 dxe4 6. Nxe4 Be7 7. Nxf6+ Bxf6 8.
Be3 Nd7 9. Bd3 e5 10. c3 exd4 11. cxd4 g6 12. Qc2 O-O 13. h4 Re8 14. O-O-O Nf8
15. h5 Bg4 16. hxg6 fxg6 17. Rh2 Bxf3 18. gxf3 Bxd4 19. Bxd4 Qxd4 {Black
resigns} 1-0

[Event "Team 45 45 League T91"]
[Site "Internet Chess Club"]
[Date "2022.01.23"]
[Round "2"]
[White "Rookmaster"]
[Black "zethhon"]
[Result "1-0"]
[WhiteElo "1494"]
[BlackElo "1425"]
[Opening "Sicilian defense"]
[ECO "B40"]
[Time "06:00:27"]
[PlyCount "67"]
[TimeControl "2700+45"]

1. e4 c5 2. Nf3 e6 3. Nc3 d5 4. Bb5+ Bd7 5. exd5 Bxb5 6. Nxb5 exd5 7. Qe2+ Be7
8. O-O Nf6 9. d4 O-O 10. Bf4 Nc6 11. dxc5 Bxc5 12. Rad1 a6 13. Nc3 Qd7 14. a3
Rad8 15. Qd3 Rfe8 16. Bg5 Re6 17. Bxf6 Rxf6 18. Qxd5 Qxd5 19. Rxd5 Rxd5 20. Nxd5
Rd6 21. c4 Na5 22. Re1 Kf8 23. Nc7 f6 24. Ne6+ Rxe6 25. Rxe6 Nxc4 26. Re2 Kf7
27. Rc2 b5 28. b3 Bxa3 29. bxc4 b4 30. Nd4 a5 31. Ra2 a4 32. Nb5 b3 33. Rxa3 b2
34. Nc3 {Black resigns} 1-0

[Event "Team 45 45 League T91"]
[Site "Internet Chess Club"]
[Date "2022.01.22"]
[Round "2"]
[White "Sloggi"]
[Black "janh"]
[Result "1/2-1/2"]
[WhiteElo "1916"]
[BlackElo "1962"]
[Opening "QGD: Janowski variation"]
[ECO "D31"]
[Time "22:07:49"]
[PlyCount "51"]
[TimeControl "2700+45"]

1. d4 d5 2. c4 e6 3. Nc3 a6 4. cxd5 exd5 5. Nf3 h6 6. Bf4 Nf6 7. e3 c5 8. dxc5
Bxc5 9. Be2 Nc6 10. O-O O-O 11. Rc1 d4 12. exd4 Nxd4 13. Nxd4 Bxd4 14. Bf3 Qb6
15. Na4 Qa7 16. Qb3 Be6 17. Qxb7 Bxa2 18. Qxa7 Rxa7 19. Rfd1 Rd8 20. Nc5 Re7 21.
h3 g5 22. Bg3 h5 23. Nb7 Rdd7 24. Bc6 Bxb2 25. Bxd7 Bxc1 26. Rxc1 {Game drawn by
mutual agreement} 1/2-1/2

[Event "Team 45 45 League T91"]
[Site "Internet Chess Club"]
[Date "2022.01.20"]
[Round "2"]
[White "BuddyT"]
[Black "DeepPoo"]
[Result "0-1"]
[WhiteElo "1559"]
[BlackElo "1575"]
[Opening "QGD: Marshall defense"]
[ECO "A50"]
[Time "15:05:01"]
[PlyCount "56"]
[TimeControl "2700+45"]

1. d4 Nf6 2. c4 d5 3. cxd5 Nxd5 4. e4 Nf6 5. f3 e6 6. Be3 Be7 7. Bd3 b6 8. Ne2
O-O 9. O-O Ba6 10. Nbc3 Bxd3 11. Qxd3 c5 12. Rfd1 Nbd7 13. a4 cxd4 14. Nxd4 Rc8
15. Ndb5 a6 16. Na7 Rc7 17. Qxa6 Qa8 18. Ncb5 Rb7 19. Rac1 Nb8 20. Qxb7 Qxb7 21.
Rc7 Qa6 22. Rxe7 Qxa4 23. Rc1 Qb4 24. Rec7 Qxb2 25. Bxb6 Nbd7 26. Bd4 Qe2 27.
R7c2 Qd3 28. Nd6 Qxd4+ {White resigns} 0-1

[Event "Team 45 45 League T91"]
[Site "Internet Chess Club"]
[Date "2022.01.24"]
[Round "2"]
[White "filmdirector"]
[Black "mongmong"]
[Result "1/2-1/2"]
[WhiteElo "1453"]
[BlackElo "1523"]
[Opening "French: exchange variation"]
[ECO "C01"]
[Time "18:10:55"]
[PlyCount "124"]
[TimeControl "2700+45"]

1. e4 e6 2. d4 d5 3. exd5 exd5 4. Nc3 c6 5. Bf4 Bd6 6. Bg3 Nf6 7. Nf3 Bg4 8. Be2
O-O 9. Qd3 Qc7 10. O-O-O Nbd7 11. Bxd6 Qxd6 12. h3 Bh5 13. g4 Bg6 14. Qe3 Rfe8
15. Qd2 Ne4 16. Nxe4 Bxe4 17. Rhe1 Nf6 18. Ne5 h6 19. f3 Bh7 20. Bd3 Bxd3 21.
Qxd3 Nd7 22. f4 Nf6 23. Qf5 Qe6 24. Qd3 Ne4 25. f5 Qf6 26. Rf1 Qh4 27. Qf3 Qg3
28. Qxg3 Nxg3 29. Rf2 Ne4 30. Rg2 f6 31. Nf3 Kf7 32. h4 Re7 33. g5 hxg5 34. hxg5
fxg5 35. Nxg5+ Nxg5 36. Rxg5 Rae8 37. Rdg1 Re1+ 38. Kd2 Rxg1 39. Rxg1 Re7 40.
Rg6 Re4 41. Rd6 Ke7 42. Rg6 Kf7 43. c3 a6 44. Rd6 Re7 45. b3 Ke8 46. f6 gxf6 47.
Rxf6 Rh7 48. Rf2 Kd7 49. Re2 b6 50. a4 Rh1 51. Re1 Rxe1 52. Kxe1 Ke6 53. Kd2 Kf5
54. Kd3 Kf4 55. c4 a5 56. b4 dxc4+ 57. Kxc4 axb4 58. Kxb4 Ke4 59. Kc4 b5+ 60.
axb5 cxb5+ 61. Kc5 b4 62. Kxb4 Kxd4 {Game drawn because neither player has
mating material} 1/2-1/2

[Event "Team 45 45 League T91"]
[Site "Internet Chess Club"]
[Date "2022.01.23"]
[Round "2"]
[White "jonesey"]
[Black "cyborg86"]
[Result "0-1"]
[WhiteElo "1854"]
[BlackElo "2302"]
[Opening "French: Winawer, advance, positional main line"]
[ECO "C19"]
[Time "12:01:36"]
[PlyCount "72"]
[TimeControl "2700+45"]

1. e4 e6 2. d4 d5 3. Nc3 Bb4 4. e5 c5 5. a3 Bxc3+ 6. bxc3 Ne7 7. Nf3 Qa5 8. Bd2
Nbc6 9. Bd3 c4 10. Be2 Bd7 11. O-O Qa4 12. Nh4 O-O-O 13. f4 Kb8 14. Bg4 g6 15.
Ra2 Ka8 16. Nf3 Rdf8 17. Qa1 f5 18. Bh3 h6 19. Rb1 Nc8 20. Qb2 Nb6 21. Qb5 Nxd4
22. Qxa4 Nxf3+ 23. gxf3 Nxa4 24. Bg2 Rhg8 25. h4 Rc8 26. Rb4 Rc5 27. Ra1 Ra5 28.
Kf2 Rc8 29. Rbb1 Rc6 30. Rg1 h5 31. Bf1 Be8 32. Be1 Rb6 33. Rd1 Rb2 34. Rd2 Nxc3
35. Bxc4 Rxa3 36. Bb3 a5 {White resigns} 0-1

[Event "Team 45 45 League T91"]
[Site "Internet Chess Club"]
[Date "2022.01.23"]
[Round "2"]
[White "achessman"]
[Black "BRJAK0530"]
[Result "0-1"]
[WhiteElo "1829"]
[BlackElo "1854"]
[Opening "English: New York (London) defensive system"]
[ECO "A12"]
[Time "21:32:51"]
[PlyCount "82"]
[TimeControl "2700+45"]

1. Nf3 d5 2. c4 c6 3. b3 Bf5 4. Bb2 Nf6 5. g3 e6 6. Bg2 Bd6 7. d3 Nbd7 8. Nh4
Bg4 9. h3 Bh5 10. g4 Bg6 11. Nd2 Qc7 12. a3 Be5 13. Qc2 O-O-O 14. b4 Bxb2 15.
Qxb2 dxc4 16. Nxc4 Nd5 17. b5 Nf4 18. Bf3 Bxd3 19. bxc6 Bxc4 20. cxd7+ Rxd7 21.
Rc1 Rhd8 22. Bxb7+ Qxb7 23. Rxc4+ Kb8 24. Qxb7+ Kxb7 25. O-O Nxe2+ 26. Kg2 Rd1
27. Nf3 h6 28. g5 hxg5 29. Nxg5 R1d7 30. Rb1+ Ka8 31. Rbb4 e5 32. Re4 Nf4+ 33.
Kh2 f6 34. Nf3 Rh8 35. Ng1 g5 36. Rb3 g4 37. Rc4 gxh3 38. Rc6 Rd2 39. Rf3 Rg8
40. Rxf6 Rg2+ 41. Kh1 Rd1 {White resigns} 0-1

[Event "Team 45 45 League T91"]
[Site "Internet Chess Club"]
[Date "2022.01.20"]
[Round "2"]
[White "mmesser"]
[Black "primerpaso"]
[Result "0-1"]
[WhiteElo "1732"]
[BlackElo "1850"]
[Opening "Queen's pawn game"]
[ECO "E10"]
[Time "10:00:50"]
[PlyCount "46"]
[TimeControl "2700+45"]

1. d4 Nf6 2. c4 e6 3. Nf3 d5 4. Bf4 Be7 5. e3 O-O 6. Bd3 b6 7. O-O Bb7 8. Nbd2
c5 9. cxd5 Nxd5 10. Bg3 cxd4 11. Nxd4 Nd7 12. N2f3 Nc5 13. Be2 Rc8 14. a3 a6 15.
Rc1 Bf6 16. Ne5 Ne4 17. Rxc8 Qxc8 18. Ng4 Be7 19. Bd3 Nxg3 20. hxg3 Qb8 21. Qe2
b5 22. Bc2 g6 23. Ne5 Qxe5 {White resigns} 0-1

[Event "Team 45 45 League T91"]
[Site "Internet Chess Club"]
[Date "2022.01.22"]
[Round "2"]
[White "VictorRed"]
[Black "pmarcal"]
[Result "0-1"]
[WhiteElo "1616"]
[BlackElo "1681"]
[Opening "English opening"]
[ECO "A10"]
[Time "21:07:04"]
[PlyCount "99"]
[TimeControl "2700+45"]

1. c4 b6 2. Nc3 Bb7 3. d4 e6 4. e4 Bb4 5. Bd3 f5 6. d5 Nf6 7. exf5 exd5 8. Bd2
Bxc3 9. bxc3 dxc4 10. Bf1 O-O 11. Bxc4+ d5 12. Bb3 Ne4 13. Nf3 Nxd2 14. Qxd2
Qe8+ 15. Kd1 Rxf5 16. Nd4 Rf7 17. Re1 Re7 18. Kc2 Nd7 19. Nf5 Re5 20. g4 Qf7 21.
f4 Ree8 22. Ba4 a6 23. Bxd7 Qxd7 24. Re5 Rxe5 25. fxe5 c5 26. Qg5 d4 27. Ne7+
Kh8 28. Qh4 Be4+ 29. Kc1 Rf8 30. Qe1 dxc3 31. Nf5 Qd3 32. Qd1 Bxf5 33. gxf5
Qxd1+ 34. Kxd1 Rxf5 35. Kc2 Rxe5 36. Kxc3 g5 37. a4 Kg7 38. Rb1 Re6 39. Kc4 Re4+
40. Kd5 Rb4 41. Ra1 a5 42. Ra2 Kg6 43. Ke5 h5 44. Rd2 h4 45. Rd6+ Kh5 46. Rd8
Kg4 47. Rd6 Kh3 48. Kf5 g4 49. Rd3+ Kxh2 50. Rd1 {White resigns} 0-1

[Event "Team 45 45 League T91"]
[Site "Internet Chess Club"]
[Date "2022.01.23"]
[Round "2"]
[White "janh"]
[Black "Tufnell"]
[Result "1-0"]
[WhiteElo "1977"]
[BlackElo "1917"]
[Opening "Queen's pawn: London system"]
[ECO "A45"]
[Time "09:10:54"]
[PlyCount "47"]
[TimeControl "2700+45"]

1. d4 Nf6 2. Bf4 g6 3. e3 Bg7 4. Nc3 d5 5. h4 c6 6. h5 Nxh5 7. Rxh5 gxh5 8. Qxh5
Nd7 9. Bd3 Nf6 10. Qh4 Ne4 11. Nxe4 dxe4 12. Bxe4 Bf5 13. Bxf5 Qa5+ 14. c3 Qxf5
15. O-O-O Bf6 16. Qh2 O-O-O 17. Nf3 Rhg8 18. Bb8 Qa5 19. Kb1 b5 20. Be5 Bxe5 21.
Nxe5 Qc7 22. Qxh7 f6 23. Nd3 Rxg2 24. Qh3+ {Black resigns} 1-0

[Event "Team 45 45 League T91"]
[Site "Internet Chess Club"]
[Date "2022.01.21"]
[Round "2"]
[White "BuddyT"]
[Black "cadmiumorange"]
[Result "0-1"]
[WhiteElo "1553"]
[BlackElo "1831"]
[Opening "Modern defense: Averbakh system, Kotov variation"]
[ECO "A40"]
[Time "12:00:53"]
[PlyCount "88"]
[TimeControl "2700+45"]

1. d4 g6 2. c4 Bg7 3. Nc3 d6 4. e4 Nc6 5. Be3 e5 6. d5 Nce7 7. g4 f5 8. gxf5
gxf5 9. Qh5+ Ng6 10. exf5 Qh4 11. Qxh4 Nxh4 12. Nb5 Kd8 13. Nxa7 Bxf5 14. Nb5
Be4 15. f3 Nxf3+ 16. Nxf3 Bxf3 17. Rg1 Bf6 18. Bh3 Ne7 19. Be6 Ng6 20. Kd2 e4
21. Bg5 Rf8 22. Nd4 Bh5 23. Ke3 Ne7 24. Bxf6 Rxf6 25. Raf1 Rxf1 26. Rxf1 Ke8 27.
a3 Ra4 28. Nb5 Rxc4 29. b3 Rc2 30. Nd4 Rxh2 31. Rc1 Kd8 32. Nb5 Re2+ 33. Kf4
Rf2+ 34. Kg5 Bg6 35. Rxc7 e3 36. Rd7+ Ke8 37. Rxb7 Nxd5 38. Nxd6+ Kf8 39. Bxd5
e2 40. Rb8+ Ke7 41. Nc8+ Kd7 42. Rb7+ Kxc8 43. Re7 Rf5+ 44. Kg4 Rxd5 {White
resigns} 0-1

[Event "Team 45 45 League T91"]
[Site "Internet Chess Club"]
[Date "2022.01.20"]
[Round "2"]
[White "KidRattler"]
[Black "Portola"]
[Result "1-0"]
[WhiteElo "1718"]
[BlackElo "1731"]
[Opening "English opening"]
[ECO "D35"]
[Time "09:06:34"]
[PlyCount "131"]
[TimeControl "2700+45"]

1. c4 e6 2. Nc3 d5 3. cxd5 exd5 4. d4 Nf6 5. Bf4 Bd6 6. Bxd6 Qxd6 7. e3 c6 8.
Qc2 O-O 9. Nf3 Nbd7 10. Bd3 Re8 11. O-O-O b6 12. Kb1 Bb7 13. Rhe1 a6 14. e4 dxe4
15. Nxe4 Nxe4 16. Rxe4 Rxe4 17. Bxe4 Nf6 18. Ne5 Nxe4 19. Qxe4 Qd5 20. Qxd5 cxd5
21. Rc1 Rc8 22. Nd7 Rxc1+ 23. Kxc1 b5 24. Kd2 Bc8 25. Nb6 Bb7 26. Kc3 a5 27. b4
a4 28. Nd7 Bc8 29. Ne5 f6 30. Nf3 Kf7 31. Kd3 Bf5+ 32. Ke3 g5 33. a3 h5 34. h4
g4 35. Ng1 Be6 36. Ne2 Ke7 37. Nc3 Bf7 38. Nxb5 Be8 39. Nc3 Kd6 40. Kf4 Bd7 41.
Ne2 Kc6 42. Nc3 Kd6 43. g3 Ke6 44. Nd1 Kd6 45. Ke3 Kc6 46. Kd3 Kd6 47. Nb2 Ke6
48. Kc3 Kf5 49. Nd3 Be8 50. Nc5 Bb5 51. Nb7 Ke6 52. Kd2 Ke7 53. Ke3 Kd7 54. Kf4
Ke6 55. Nc5+ Kf7 56. Kf5 Bc6 57. Kf4 Bb5 58. f3 gxf3 59. Kxf3 Kg6 60. Ne6 Bc6
61. Kf4 Bb5 62. Nc7 Bc6 63. b5 Bb7 64. Ne6 Bc8 65. Nc5 Kf7 66. b6 {Black
resigns} 1-0

[Event "Team 45 45 League T91"]
[Site "Internet Chess Club"]
[Date "2022.01.23"]
[Round "2"]
[White "HomerSimpson"]
[Black "zugknightly"]
[Result "1/2-1/2"]
[WhiteElo "1998"]
[BlackElo "1932"]
[Opening "Queen's pawn: London system"]
[ECO "A45"]
[Time "10:00:40"]
[PlyCount "50"]
[TimeControl "2700+45"]

1. d4 Nf6 2. Bf4 g6 3. Nc3 Bg7 4. e4 d6 5. Qd2 O-O 6. Bh6 c5 7. d5 a6 8. h4 b5
9. f3 Qb6 10. h5 Nbd7 11. hxg6 fxg6 12. Bxg7 Kxg7 13. Qh6+ Kg8 14. Nh3 Ne5 15.
O-O-O Bxh3 16. Rxh3 c4 17. Be2 Rf7 18. f4 Neg4 19. Qh4 Nf2 20. e5 Nxh3 21. Qxh3
b4 22. Na4 Qa5 23. exf6 Qxa4 24. fxe7 Rxe7 25. Bxc4 Qd7 {Game drawn by mutual
agreement} 1/2-1/2

[Event "Team 45 45 League T91"]
[Site "Internet Chess Club"]
[Date "2022.01.22"]
[Round "2"]
[White "Ajolote"]
[Black "laurenpar"]
[Result "1-0"]
[WhiteElo "1990"]
[BlackElo "1953"]
[Opening "French: Paulsen variation"]
[ECO "C10"]
[Time "21:04:34"]
[PlyCount "45"]
[TimeControl "2700+45"]

1. e4 e6 2. d4 d5 3. Nc3 h6 4. Bd3 Nc6 5. Nf3 Nb4 6. Bf4 Nxd3+ 7. Qxd3 dxe4 8.
Nxe4 Be7 9. O-O-O Nf6 10. Rhe1 Nxe4 11. Qxe4 c6 12. Kb1 a5 13. Be5 O-O 14. h4 a4
15. g4 Bxh4 16. g5 Bxg5 17. Nxg5 hxg5 18. Rh1 f6 19. Qh7+ Kf7 20. Rh6 fxe5 21.
Qg6+ Ke7 22. Qxg7+ Rf7 23. Qxg5+ {Black resigns} 1-0

[Event "Team 45 45 League T91"]
[Site "Internet Chess Club"]
[Date "2022.01.21"]
[Round "2"]
[White "fishhead"]
[Black "bluberrie"]
[Result "0-1"]
[WhiteElo "1726"]
[BlackElo "1910"]
[Opening "King's pawn opening"]
[ECO "B07"]
[Time "14:00:45"]
[PlyCount "96"]
[TimeControl "2700+45"]

1. e4 d6 2. f4 Nf6 3. Nc3 c5 4. Nf3 Nc6 5. d4 cxd4 6. Nxd4 e5 7. Nxc6 bxc6 8.
fxe5 dxe5 9. Qxd8+ Kxd8 10. Bg5 Be6 11. Be2 Kc7 12. Rf1 Nd7 13. O-O-O Bb4 14.
Bd2 Rab8 15. Na4 Bxd2+ 16. Rxd2 Rb4 17. Nc3 Nc5 18. Bf3 a5 19. b3 g5 20. a3 Rd4
21. Bh5 Bxb3 22. Bxf7 Bc4 23. Rf5 Bxf7 24. Rxf7+ Kb6 25. Re7 Rc4 26. Kb2 Rxc3
27. Kxc3 Nxe4+ 28. Kd3 Rd8+ 29. Kxe4 Rxd2 30. Rxh7 Rxg2 31. Kxe5 Rxc2 32. Kd4
Kb5 33. Kd3 Ra2 34. Rh5 Rxa3+ 35. Kc2 Kb4 36. Rxg5 Ra2+ 37. Kb1 Rxh2 38. Rg8 c5
39. Rb8+ Kc4 40. Ra8 a4 41. Kc1 Kc3 42. Kb1 c4 43. Rb8 Rh1+ 44. Ka2 Kc2 45. Rb4
c3 46. Rxa4 Kd3 47. Ra8 c2 48. Rd8+ Ke4 {White resigns} 0-1

[Event "Team 45 45 League T91"]
[Site "Internet Chess Club"]
[Date "2022.01.20"]
[Round "2"]
[White "ChessG2011"]
[Black "QuieroAprender"]
[Result "0-1"]
[WhiteElo "1495"]
[BlackElo "1681"]
[Opening "Hungarian defense"]
[ECO "C50"]
[Time "20:07:11"]
[PlyCount "74"]
[TimeControl "2700+45"]

1. e4 e5 2. Nf3 Nc6 3. Bc4 Be7 4. Nc3 Nf6 5. O-O Nxe4 6. Nxe4 d5 7. Bxd5 Qxd5 8.
Nc3 Qd8 9. d3 Bg4 10. h3 Bh5 11. Be3 a6 12. Qe2 f5 13. Rac1 f4 14. Bd2 Nd4 15.
Qxe5 Bxf3 16. Qxg7 Bf6 17. Rfe1+ Ne2+ 18. Rxe2+ Bxe2 19. Qh6 Qe7 20. Re1 f3 21.
gxf3 Rg8+ 22. Kh2 O-O-O 23. Qf4 Be5 24. Qg3 Bxg3+ 25. fxg3 Qg7 26. Bf4 Bxf3 27.
Re3 Bc6 28. Ne2 Rge8 29. Rxe8 Rxe8 30. Nc3 Re1 31. Ne4 Rxe4 32. dxe4 Qxb2 33. h4
Qxc2+ 34. Kh3 Qxe4 35. h5 Bd7+ 36. Kh2 Qe2+ 37. Kg1 Bh3 {White forfeits on time}
0-1

[Event "Team 45 45 League T91"]
[Site "Internet Chess Club"]
[Date "2022.01.21"]
[Round "2"]
[White "ivanson"]
[Black "ghowell"]
[Result "1-0"]
[WhiteElo "1619"]
[BlackElo "1468"]
[Opening "Ruy Lopez: 5.O-O"]
[ECO "C78"]
[Time "19:00:55"]
[PlyCount "59"]
[TimeControl "2700+45"]

1. e4 e5 2. Nf3 Nc6 3. Bb5 a6 4. Ba4 Nf6 5. O-O b5 6. Bb3 Bc5 7. c3 d5 8. exd5
Nxd5 9. d4 Bb6 10. dxe5 Be6 11. Bg5 Nde7 12. Bxe6 fxe6 13. Nbd2 O-O 14. Qb3 Qd5
15. Bh4 Ng6 16. Bg3 Rf5 17. Qxd5 exd5 18. Rfe1 Re8 19. Re2 Ncxe5 20. Nxe5 Nxe5
21. Rae1 Nd3 22. Rxe8+ Kf7 23. R1e7+ Kg6 24. Nf3 Rf6 25. Ne5+ Nxe5 26. Rxe5 d4
27. R8e6 dxc3 28. bxc3 Ba5 29. Rxf6+ Kxf6 30. Rc5 {Black resigns} 1-0

[Event "Team 45 45 League T91"]
[Site "Internet Chess Club"]
[Date "2022.01.24"]
[Round "2"]
[White "keithuws"]
[Black "rubo"]
[Result "0-1"]
[WhiteElo "1165"]
[BlackElo "1488"]
[Opening "Caro-Kann: two knights, 3...Bg4"]
[ECO "B10"]
[Time "19:00:33"]
[PlyCount "58"]
[TimeControl "2700+45"]

1. e4 c6 2. Nf3 d5 3. Nc3 Bg4 4. exd5 cxd5 5. d4 Nf6 6. h3 Bxf3 7. Qxf3 Nc6 8.
Bb5 e6 9. a3 Qb6 10. Bxc6+ bxc6 11. Qf4 c5 12. Be3 Qxb2 13. O-O Qxc3 14. Qc7 Nd7
15. Qc6 Rd8 16. Qa4 cxd4 17. Bxd4 Qc4 18. Qxc4 dxc4 19. Bxa7 Bc5 20. Bxc5 Nxc5
21. Rfe1 Rd2 22. Re5 Nd7 23. Ra5 Ke7 24. Ra2 Rb8 25. f3 Kf6 26. Kh2 c3 27. Kg3
Rb2 28. Rxb2 cxb2 29. Rb5 Rxc2 {White resigns} 0-1

[Event "Team 45 45 League T91"]
[Site "Internet Chess Club"]
[Date "2022.01.23"]
[Round "2"]
[White "g8wrb"]
[Black "natalieH"]
[Result "1-0"]
[WhiteElo "1257"]
[BlackElo "1061"]
[Opening "Ruy Lopez: Cozio defense"]
[ECO "C60"]
[Time "14:05:26"]
[PlyCount "85"]
[TimeControl "2700+45"]

1. e4 e5 2. Nf3 Nc6 3. Bb5 Nge7 4. O-O d6 5. c3 Bd7 6. d4 exd4 7. cxd4 d5 8. e5
Ng6 9. Bg5 Be7 10. Qd2 O-O 11. Rd1 f6 12. exf6 Bxf6 13. Bxf6 Qxf6 14. Nc3 Nf4
15. Bxc6 Bxc6 16. Rac1 Rad8 17. b4 a6 18. a4 b6 19. b5 Bb7 20. Na2 Rc8 21. Nb4
axb5 22. axb5 c6 23. Nxc6 Bxc6 24. bxc6 Rxc6 25. Rxc6 Qxc6 26. Ne5 Qb5 27. Nd3
Ne6 28. Nb4 Rf4 29. Nc2 Qc4 30. g3 Rf8 31. Rc1 Qc7 32. Ne3 Qb7 33. Rb1 Rb8 34.
Nf5 b5 35. Qb4 Nc7 36. Qe7 Ne8 37. Qe6+ Kh8 38. Ne7 Nf6 39. Nc6 Re8 40. Qd6 Ne4
41. Qxd5 Nc3 42. Qh5 Nxb1 43. Qxe8# {Black checkmated} 1-0